 Dungeon Crawl Stone Soup version 0.27.1-35-g4d5d836560 (webtiles) character file.

Game seed: 10080969601569787783

53 cbfl8 the Skirmisher (level 3, 0/34 HPs)
             Began as a Minotaur Monk on May 18, 2022.
             Frozen to death by an endoplasm (4 damage)
             ... on level 3 of the Dungeon on May 19, 2022.
             The game lasted 00:06:07 (2048 turns).

cbfl8 the Skirmisher (Minotaur Monk)                Turns: 2048, Time: 00:06:08

Health: 0/34       AC:  6    Str: 16    XL:     3   Next: 62%
Magic:  2/2        EV: 11    Int:  7    God:
Gold:   92         SH:  0    Dex: 12    Spells: 2/2 levels left

rFire    . . .     SeeInvis +   d - +1 rapier (venom)
rCold    . . .     Faith    .   (no shield)
rNeg     . . .     Spirit   .   i - +0 ring mail
rPois    .         Reflect  .   (helmet restricted)
rElec    .         Harm     .   (no cloak)
rCorr    .         Rampage  .   h - +0 pair of gloves
Will     .....                  (no boots)
Stlth    +.........             (no amulet)
HPRegen  0.11/turn              o - ring of see invisible
MPRegen  0.08/turn              (no ring)

@: no status effects
A: horns 2, retaliatory headbutt
a: no special abilities


You were on level 3 of the Dungeon.
You visited 1 branch of the dungeon, and saw 3 of its levels.

You collected 128 gold pieces.
You spent 36 gold pieces at shops.

Inventory:

Hand Weapons
 a - a +0 falchion
 d - a +1 rapier of venom (weapon)
Armour
 b - a +0 robe
 h - a +0 pair of gloves (worn)
 i - a +0 ring mail (worn)
Jewellery
 o - a ring of see invisible (left hand)
Scrolls
 f - 3 scrolls of identify {unknown}
 l - a scroll of enchant armour {unknown}
 m - a scroll of torment {unknown}
 n - a scroll of enchant weapon {unknown}
 p - a scroll of blinking {unknown}
Potions
 c - a potion of ambrosia {unknown}
 e - 2 potions of resistance {unknown}
 g - 3 potions of curing
 j - 2 potions of might {unknown}
 k - a potion of heal wounds {unknown}


   Skills:
 + Level 4.3 Fighting
 + Level 0.8(2.5) Short Blades
 + Level 4.2(4.3) Long Blades
 + Level 0.2 Armour
 + Level 3.9 Dodging
 + Level 1.6 Stealth


You had 2 spell levels left.
You didn't know any spells.
Your spell library contained the following spells:

 Spells                   Type           Power      Damage    Failure   Level
 Gell's Gravitas          Tloc           0%         N/A       95%         3
 Teleport Other           Tloc           0%         N/A       95%         3
 Dispersal                Tloc           0%         N/A       100%        6


Dungeon Overview and Level Annotations

Branches:
Dungeon (3/15)

Altars:

Shops:
D:1 ![

Annotations:
D:3 Grinder


Innate Abilities, Weirdness & Mutations

You have a pair of horns on your head.
You reflexively headbutt those who attack you in melee.


Message History

You kill the quokka!
Done exploring.
There is a stone staircase leading down here.
You climb downwards.
There is a stone staircase leading up here.
Found a fuming pink potion.
Found a stone staircase leading down.
An endoplasm and Grinder come into view.
Grinder shouts!
The endoplasm moves out of view.
You see here a fuming pink potion.
The endoplasm quivers.
Grinder gestures at you. Pain shoots through your body!
You closely miss Grinder. Your headbutt misses Grinder.
Grinder gestures at you.
You suddenly lose the ability to move!
Grinder blinks!
The endoplasm hits you but does no damage.
The endoplasm freezes you.
You are frozen.
The endoplasm freezes you.
You are frozen.
You hear a shout!
You hear a shout! x2
The endoplasm freezes you.
You are frozen.
Grinder hits you but does no damage.
The endoplasm hits you but does no damage.
Grinder hits you.
* * * LOW HITPOINT WARNING * * *
You writhe in agony.
* * * LOW HITPOINT WARNING * * *
Grinder gestures at you.
You barely resist.
The endoplasm hits you but does no damage.
You can move again.
You closely miss Grinder. You headbutt Grinder!
Grinder is lightly wounded.
The endoplasm freezes you.
You are frozen.
You die...

#.. #.# .#..
#######.#.##
#...J...#.. #
#...5@# #.# .#
.######.###.##.#
......>.!......#
############.###
#.# #.####
#..<.# ######


You could see Grinder and an endoplasm.

Vanquished Creatures
  A worm (D:2)
  4 orcs (D:2)
  A bat (D:1)
  6 endoplasms
  3 giant cockroaches (D:2)
  A goblin (D:2)
  6 hobgoblins
  3 jackals (D:2)
  A quokka (D:2)
  3 ball pythons
  8 frilled lizards
  3 kobolds (D:2)
  A rat (D:1)
41 creatures vanquished.

Vanquished Creatures (others)
  4 plants (D:3)
4 creatures vanquished.

Grand Total: 45 creatures vanquished

Notes
Turn   | Place    | Note
-------+----------+-------------------------------------------
     0 | D:1      | cbfl8 the Minotaur Monk began the quest for the Orb.
     0 | D:1      | Reached XP level 1. HP: 19/19 MP: 0/0
   256 | D:1      | Reached XP level 2. HP: 27/27 MP: 1/1
   535 | D:1      | Found Paatwa Esti's Armour Shop.
   574 | D:1      | Found Ytiq's Distillery.
   580 | D:1      | Bought a potion of curing for 36 gold pieces
  1230 | D:2      | Reached XP level 3. HP: 24/33 MP: 2/2
  2036 | D:3      | Noticed Grinder
  2041 | D:3      | Paralysed by Grinder for 7 turns
  2048 | D:3      | Frozen to death by an endoplasm

Illustrated notes

Levels and vault maps discovered:
D:1:      lightli_molten_gateway, layout_loops_cross, serial_shops,
          nicolae_shop_temple_entry_statues_fountains, nicolae_diamond_shop
D:2:      cheibrodos_helix_gallery, layout_loops_cross, wad_orctagon
D:3:      layout_basic, mainiacjoe_overflow_alcove_1, serial_shops,
          nicolae_shop_overgrown_old_shop, dreamdust_ecumenical_altar_statues,
          uniq_sigmund, uniq_ijyb, uniq_jessica, uniq_grinder

Skill      XL: |  1  2 |
---------------+-------+-----
Long Blades    | 4 |  4.2
Fighting       | 4 |  4.3
Short Blades   | |  0.8
Armour         | |  0.2
Dodging        | |  3.9
Stealth        | |  1.6

Action                   || total
-------------------------++-------
Melee: Rapier            ||    64
       Headbutt          ||    13
       Falchion          ||     4
 Stab: Sleeping          ||     1
Armor: Robe              ||     4
       Ring mail         ||    20
Dodge: Dodged            ||    39
